 Dungeon Crawl Stone Soup version 0.19-a0-734-ge18daf0 (webtiles) character file.

3318 tyrsky the Grappler (level 9, -3/78 HPs)
             Began as a White Draconian Transmuter on June 22, 2016.
             Was a Follower of Cheibriados.
             Slain by a wight
             ... wielding a cursed +3 trident of freezing
              (4 damage)
             ... on level 7 of the Dungeon.
             The game lasted 00:16:52 (8745 turns).

tyrsky the Grappler (White Draconian Transmuter)    Turns: 8745, Time: 00:16:53

Health: -3/78      AC:  2    Str: 18    XL:     9   Next: 71%
Magic:  5/12       EV: 22    Int: 16    God:    Cheibriados [*.....]
Gold:   427        SH:  0    Dex: 18    Spells: 4 memorised, 1 level left

rFire  . . .     SeeInvis .       - Unarmed
rCold  . . .     Gourm    .     (armour unavailable)
rNeg   . . .     Faith    .     (shield currently unavailable)
rPois  x         Spirit   .     (helmet currently unavailable)
rElec  .         Dismiss  .     (cloak currently unavailable)
rCorr  .         Reflect  .     (gloves currently unavailable)
SustAt .         Harm     .     (boots currently unavailable)
MR     +....                    (no amulet)
Stlth  ++........               (no ring)
                                F - ring of protection from magic

@: spider-form, very slightly contaminated, heavily drained, very slow, somewhat
resistant to hostile enchantments, unstealthy
A: (breathe frost), unfitting armour, (cold resistance 0), (cold-blooded), AC +7
a: End Transformation, Bend Time, Renounce Religion


You were on level 7 of the Dungeon.
You worshipped Cheibriados.
Cheibriados was aware of your devotion.
You were hungry.
You were a venomous arachnid creature.
You visited 2 branches of the dungeon, and saw 8 of its levels.
You also visited: Sewer.

You collected 427 gold pieces.

Inventory:

Missiles
 a - 63 arrows
Armour
 n - a +1 cloak (melded)
Jewellery
 t - a cursed ring of loudness {unknown}
 F - a ring of protection from magic (left front leg)
Wands
 u - a wand of acid (1/15)
 y - a wand of random effects (48/48)
Scrolls
 d - 3 scrolls of identify {@*1}
 h - 6 scrolls of random uselessness
 m - 3 scrolls of teleportation
 x - a scroll of amnesia
 D - a scroll of fog
 E - 2 scrolls of remove curse
Potions
 e - 3 potions of agility
 f - a potion of invisibility
 g - a potion of berserk rage
 j - a potion of mutation
 k - 2 potions of lignification
 l - 2 potions of flight
 q - 6 potions of curing
 r - 3 potions of might
 s - 2 potions of heal wounds
 v - a potion of beneficial mutation
 z - a potion of brilliance
Books
 b - a book of Changes

   Spells                             Type                      Level
   a - Beastly Appendage              Transmutation                1
   b - Sticks to Snakes               Transmutation                2
   c - Spider Form                    Transmutation/Poison         3
   d - Ice Form                       Ice/Transmutation            4
   e - Blade Hands                    Transmutation                5
 p - a book of Power

   Spells                             Type                      Level
   a - Fulminant Prism                Conjuration/Hexes            4
   b - Iskenderun's Mystic Blast      Conjuration                  4
   c - Venom Bolt                     Conjuration/Poison           5
   d - Bolt of Magma                  Conjuration/Fire/Earth       5
   e - Iron Shot                      Conjuration/Earth            6
   f - Orb of Destruction             Conjuration                  7
   g - Spellforged Servitor           Conjuration/Summoning        7
 w - a book of Cantrips

   Spells                             Type                      Level
   a - Corona                         Hexes                        1
   b - Animate Skeleton               Necromancy                   1
   c - Summon Small Mammal            Summoning                    1
   d - Apportation                    Translocation                1
Comestibles
 c - 5 bread rations
 i - 3 beef jerkies
 o - a royal jelly
 A - 2 chunks of flesh
 B - 5 fruits
 C - a slice of pizza


   Skills:
 + Level 6.5(4.9) Fighting
 + Level 5.4(3.9) Dodging
 * Level 8.2(6.5) Unarmed Combat
 - Level 2.0(0.5) Spellcasting
 * Level 7.2(5.6) Transmutations
 + Level 3.6(2.1) Evocations


You had one spell level left.
You knew the following spells:

 Your Spells              Type           Power        Failure   Level  Hunger
a - Beastly Appendage     Tmut           ###...       10%         1    ##.....
b - Sticks to Snakes      Tmut           ###.....     14%         2    ###....
c - Spider Form           Tmut/Pois      #.........   50%         3    ####...
d - Blade Hands           Tmut           ###.......   89%         5    ######.


Dungeon Overview and Level Annotations

Branches:
Dungeon (7/15)             Temple (1/1) D:6

Altars:
Ashenzari
Cheibriados
Dithmenos
Elyvilon
Makhleb
Nemelex Xobeh
Qazlal
Uskayaw
Zin
The Shining One


Innate Abilities, Weirdness & Mutations

((You can breathe waves of freezing cold.))
((You can buffet flying creatures when you breathe cold.))
((Your icy white scales are hard. (AC +7)))
Your body does not fit into most forms of armour.
((Your flesh is cold resistant. (rC+)))
((You are cold-blooded and may be slowed by cold attacks.))


Message History

* * * LOW HITPOINT WARNING * * *
Okay, then.
You feel much better. The wight completely misses you.
The flow of time bends around you.
The wight resists with some effort. x2
You feel slightly more hungry. The wight misses you.
The wight completely misses you.
The wight hits you from afar with a trident of freezing!
* * * LOW HITPOINT WARNING * * *
You feel drained.
* * * LOW HITPOINT WARNING * * *
The wight freezes you.
* * * LOW HITPOINT WARNING * * *
Items here: )) [[ a hand axe; a robe; an enchanted falchion; a robe The wight hits you from afar with a trident of freezing!
* * * LOW HITPOINT WARNING * * *
You feel drained.
* * * LOW HITPOINT WARNING * * *
The wight freezes you.
You die...

#..# #..# .# #..# .#
#..#..# .#
############..#..# .#
#.........))..#.!# .#
#.#####.#####.#..# .###.#
#...# #.#./# .##..# #..[#
#s#..####.# .##..# #...#
#.#>z.....#
.....#####.#####z##†######
###..............z).....%#
#......#######.#)#####.#
####.....### #.#.#
.....#...... ..#.#
####....##.# ####.#
#####.#.# ...


You could see 2 wights.

Vanquished Creatures
  The ghost of FrancescoMac the Skirmisher, a novice DsCK of Xom (D:7)
  A gargoyle (D:7)
  An orc warrior (D:6)
  A black bear (D:6)
  A wasp (D:7)
  An ogre (D:4)
  A phantom (D:6)
  5 big kobolds (Sewer)
  4 scorpions
  6 wights
  2 howler monkeys
  A giant frog zombie (D:5)
  A quasit (D:5)
  5 crimson imps
  A jelly (D:5)
  4 orc priests
  4 hounds
  5 orc wizards
  Jessica (D:2)
  An iguana (D:4)
  3 worker ants
  A killer bee zombie (D:6)
  A hound skeleton (D:5)
  6 gnolls
  6 adders
  An ooze (D:4)
  An adder skeleton (D:7)
  5 worms
  3 dart slugs
  5 giant geckos
  14 orcs
  10 bats
  5 giant cockroaches
  7 goblins
  7 hobgoblins
  6 jackals
  21 kobolds
  4 quokkas
  3 ball pythons
  A giant gecko zombie (D:5)
  5 giant newts
  3 quokka skeletons
  12 rats
177 creatures vanquished.

Vanquished Creatures (collateral kills)
  A phantom (D:4)
  A gnoll (D:3)
  A giant gecko (D:6)
3 creatures vanquished.

Grand Total: 180 creatures vanquished

Notes
Turn   | Place    | Note
--------------------------------------------------------------
     0 | D:1      | tyrsky the Draconian Transmuter began the quest for the Orb.
     0 | D:1      | Reached XP level 1. HP: 16/16 MP: 3/3
   366 | D:1      | Reached XP level 2. HP: 15/24 MP: 3/5
   562 | D:1      | Found a shattered altar of Ashenzari.
   819 | D:1      | Reached XP level 3. HP: 22/29 MP: 4/6
  1188 | D:2      | Noticed Jessica
  1204 | D:2      | Killed Jessica
  1204 | D:2      | Reached XP level 4. HP: 34/37 MP: 7/7
  1279 | D:2      | Reached skill level 4 in Unarmed Combat
  2562 | D:3      | Learned a level 2 spell: Sticks to Snakes
  2566 | D:3      | Learned a level 3 spell: Spider Form
  2622 | D:3      | Reached XP level 5. HP: 36/45 MP: 5/8
  3122 | D:3      | Reached XP level 6. HP: 40/52 MP: 3/9
  3743 | D:4      | Reached skill level 5 in Unarmed Combat
  4183 | D:4      | Your scales start taking on an icy white colour.
  4183 | D:4      | Reached XP level 7. HP: 46/59 MP: 6/10
  4183 | D:4      | Gained mutation: Your flesh is cold resistant. (rC+) [White Draconian growth]
  4674 | D:5      | Entered Level 5 of the Dungeon
  4846 | D:5      | Found a glowing drain.
  4851 | Sewer    | Entered a sewer
  4965 | Sewer    | Reached skill level 6 in Unarmed Combat
  5306 | Sewer    | Reached skill level 5 in Fighting
  5306 | Sewer    | Reached XP level 8. HP: 59/68 MP: 8/11
  5510 | D:5      | Learned a level 5 spell: Blade Hands
  5532 | D:5      | Reached skill level 5 in Transmutations
  6300 | D:6      | Reached skill level 1 in Evocations
  6667 | D:6      | Reached skill level 7 in Unarmed Combat
  6978 | D:6      | Found a staircase to the Ecumenical Temple.
  6983 | Temple   | Entered the Ecumenical Temple
  7051 | Temple   | Became a worshipper of Cheibriados the Contemplative
  7463 | D:6      | Reached XP level 9. HP: 48/75 MP: 7/12
  7964 | D:7      | Reached * piety under Cheibriados
  8105 | D:7      | Noticed a gargoyle
  8111 | D:7      | Killed a gargoyle
  8111 | D:7      | Reached skill level 5 in Dodging
  8403 | D:7      | Noticed FrancescoMac's ghost (novice DsCK)
  8428 | D:7      | Killed FrancescoMac's ghost
  8428 | D:7      | Reached skill level 8 in Unarmed Combat
  8745 | D:7      | HP: 1/78 [wight/trident of freezing (3)]
  8745 | D:7      | Slain by a wight

Vault maps used:
D:1:      minmay_arrival_diagonal_passages, glass_columns_c,
          hangedman_decor_points, evilmike_ruin_ashenzari
D:2:      first_bread, serial_forest, infiniplex_forest_lined_ring,
          infiniplex_forest_side_room, infiniplex_forest_lined_room_3,
          infiniplex_forest_fountain, infiniplex_forest_lined_room_,
          infiniplex_forest_pool, infiniplex_forest_straight_2,
          infiniplex_forest_end_3, infiniplex_forest_clump_C, uniq_jessica
D:3:      minmay_misc_feat_columns
D:5:      kennysheep_six_static_rooms, portal_sewer_entry_e,
          hangedman_abyss_or_decor_stagger
Temple:   dpeg_five_rooms_temple
Sewer:    kennysheep_pipe_town

Skill      XL: |  1  2  3  4  5  6  7  8  9 |
---------------+----------------------------+-----
Dodging        | 2 3 4 5 |  5.4
Fighting       | 2 3 4 5 6 |  6.5
Unarmed Combat | 4 5 6 7 8 |  8.2
Transmutations | 3 4 6 7 |  7.2
Evocations     | 2 3 |  3.6
Spellcasting   | |  2.0

Action                   |  1- 3 |  4- 6 |  7- 9 || total
-------------------------+-------+-------+-------++-------
Melee: Unarmed           |   134 |   234 |   426 ||   794
       Kick              |     3 |    13 |       ||    16
       Tailslap          |    10 |    24 |    25 ||    59
       Headbutt          |     5 |     8 |       ||    13
       Punch             |       |     4 |     5 ||     9
 Cast: Beastly Appendage |     8 |    14 |     3 ||    25
       Sticks to Snakes  |       |     5 |     2 ||     7
       Spider Form       |       |     2 |    22 ||    24
       Blade Hands       |       |       |     2 ||     2
Invok: Bend Time         |       |       |     1 ||     1
  Use: Scroll            |       |    12 |     9 ||    21
       Potion            |       |     1 |     1 ||     2
 Stab: Sleeping          |     2 |       |       ||     2
       Distracted        |       |       |     2 ||     2
  Eat: Chunk             |       |    10 |     7 ||    17
       Pizza             |       |     2 |       ||     2
       Meat ration       |       |       |     2 ||     2
Armor: Skin              |    44 |    48 |    93 ||   185
Dodge: Dodged            |    83 |   130 |   331 ||   544
